 Seeded DCSS version 0.30.1-9-gdf580d7c3d (webtiles) character file.

Game seed: 7547814903460644772 (custom seed)

13 Psyclone the Stinger (level 2, 8/17 HPs)
             Began as an Octopode Venom Mage on Sept 27, 2023.
             Quit the game on level 4 of the Dungeon.
             The game lasted 00:03:40 (596 turns).

Psyclone the Stinger (Octopode Venom Mage)           Turns: 596, Time: 00:03:40

Health: 8/17       AC:  1    Str:  7    XL:     2   Next: 37%
Magic:  2/5        EV: 13    Int: 17    God:
Gold:   168        SH:  0    Dex: 12    Spells: 4/5 levels left

rFire   . . .        (no weapon)
rCold   . . .        (no shield)
rNeg    . . .        (helmet restricted)
rPois   .            (no amulet)
rElec   .            (no ring)
rCorr   .            (no ring)
SInv    .            (no ring)
Will    .....        (no ring)
Stlth   +++          (no ring)
HPRegen 0.22/turn    (no ring)
MPRegen 0.09/turn    (no ring)
                     (no ring)

%: no passive effects
@: no status effects
A: almost no armour, amphibious, 8 rings, camouflage 1, gelatinous body 1,
(nimble swimmer 1), tentacles
a: no special abilities


You were on level 4 of the Dungeon.
You visited 1 branch of the dungeon, and saw 4 of its levels.

You collected 168 gold pieces.

Inventory:

Scrolls
 b - a scroll of identify {unknown}
 c - a scroll of enchant armour {unknown}
Potions
 a - a potion of magic


   Skills:
 - Level 2.0 Dodging
 - Level 2.6 Stealth
 - Level 2.0 Spellcasting
 - Level 1.0 Transmutations
 + Level 4.5 Poison Magic


You had 4 spell levels left.
You knew the following spells:

 Your Spells              Type           Power      Damage    Failure   Level
a - Sting                 Tmut/Pois      44%        1d5       6%          1

Your spell library contained the following spells:

 Spells                   Type           Power      Damage    Failure   Level
 Poisonous Vapours        Pois/Air       18%        N/A       12%         2
 Mephitic Cloud           Conj/Pois/Air  6%         N/A       30%         3
 Olgreb's Toxic Radiance  Pois           17%        N/A       30%         4


Dungeon Overview and Level Annotations

Branches:
Dungeon (4/15) Zot: 23404
 Temple: D:4-7

Altars:
Ashenzari


Innate Abilities, Weirdness & Mutations

You cannot wear most types of armour.
You are amphibious.
You can wear up to eight rings at the same time.
Your skin changes colour to match your surroundings (Stealth+).
Your rubbery body absorbs attacks. (AC +1, EV +1)
((You are camouflaged when in or above water. (Stealth+)))
You have tentacles for arms and can constrict up to eight enemies at once.


Message History

The river rat is poisoned.
You now have 2/3 mp.
Casting: Sting (safe; 7% risk of failure)
Confirm with . or Enter, or press ? or * to list all spells.
Aiming: Sting (safe; 7% risk of failure)
Press: ? - help, Shift-Dir - straight line, f/p - river rat
Aim: a river rat (poisoned, 68% to hit)
The sting hits the river rat.
The river rat looks even sicker.
The river rat is lightly wounded.
You now have 1/3 mp.
Casting: Sting (safe; 7% risk of failure)
Confirm with . or Enter, or press ? or * to list all spells.
Aiming: Sting (safe; 7% risk of failure)
Press: ? - help, Shift-Dir - straight line, f/p - river rat
Aim: a river rat (moderately wounded, very poisoned, 68% to hit)
The sting hits the river rat.
The river rat looks even sicker.
The river rat is heavily wounded.
The river rat bites you!
Ouch! That really hurt!
* * * LOW HITPOINT WARNING * * *
You take 10 damage, and have 1/11 hp.
MASSIVE DAMAGE!!
You now have 0/3 mp.
You tentacle-slap the river rat but do no damage.
Your grab misses the river rat.
The river rat is heavily wounded.
The river rat misses you.
You barely miss the river rat. Your grab misses the river rat.
The river rat is heavily wounded.
The river rat misses you.
You tentacle-slap the river rat but do no damage.
You grab the river rat. You squeeze the river rat.
You kill the river rat!
You have reached level 2!
c - a scroll labelled ILLAAM GOIBLO You enter the shallow water.
A worm comes into view.
You start resting.
A worm is nearby!
A worm is nearby!
You hear the slow rusting of a drain very nearby.
Are you sure you want to abandon this character and quit the game? (Confirm with "yes".)

#~~~########
###~##.......
#.##
.##w#........
###...##.##..w..#
....>..<.#####..#
##.#####.# #..#
.# #..# .# #..#
.# #@.# .# #..#
.# #..# ## #..# #
#..# #..
##..#####..
##...##...
##....##.##
#..w......#


You could see a worm.

Vanquished Creatures
  A river rat (D:4)
  An endoplasm (D:1)
  A hobgoblin (D:1)
  2 frilled lizards
5 creatures vanquished.

Notes
Turn   | Place    | Note
-------+----------+-------------------------------------------
     0 | D:1      | Psyclone the Octopode Venom Mage began the quest for the
                  | Orb.
     0 | D:1      | Reached XP level 1. HP: 11/11 MP: 3/3
   256 | D:3      | Reached skill level 4 in Poison Magic
   426 | D:3      | Found a broken altar of Ashenzari.
   571 | D:4      | Reached XP level 2. HP: 2/17 MP: 0/5
   596 | D:4      | Quit the game

Illustrated notes

Levels and vault maps discovered:
D:1:      lordsloth_arrival_two_stooges, layout_basic,
          chequers_ecumenical_altar_simple
D:2:      layout_loops_ring, uniq_jessica
D:3:      layout_loops_cross, ashenzari_conservatory_becter,
          nzn_wu_jian_council_hall, chequers_serial_rivers_room_a,
          grunt_decor_cap, hangedman_abyss_or_decor_lesser_grid,
          hangedman_decor_peaks_small, minmay_gold_behind_fungi, uniq_natasha,
          uniq_crazy_yiuf_cottage
D:4:      layout_loops_ring, grunt_temple_overflow_order_and_chaos_2,
          yredelemnul_altar_generic, nemelex_dance_club_becter,
          gup_sewer_entry_bubbles

Skill      XL: |  1 |
---------------+----+-----
Poison Magic   | 4 |  4.5
Dodging        | |  2.0
Stealth        | |  2.6
Spellcasting   | |  2.0
Transmutations | |  1.0

Action                     || total
---------------------------++-------
  Melee: Unarmed           ||     6
         Constrict         ||     3
         Tentacles         ||     3
   Cast: Sting             ||    17
    Use: Scroll            ||     1
  Dodge: Dodged            ||     2
